 Dungeon Crawl Stone Soup version 0.32-a0-928-g1cae6b7ea0 (webtiles) character file.

Game seed: 5747060306396773732

128 MachoJfn the Chopper (level 4, -2/40 HPs)
             Began as a Mountain Dwarf Monk on Apr 12, 2024.
             Killed from afar by an orc wizard (10 damage)
             ... with a puff of flame
             ... on level 4 of the Dungeon.
             The game lasted 00:06:36 (2833 turns).

MachoJfn the Chopper (Mountain Dwarf Monk)          Turns: 2833, Time: 00:06:37

Health: -2/40      AC:  7    Str: 15    XL:     4   Next: 87%
Magic:  4/4        EV:  9    Int: 14    God:
Gold:   165        SH:  0    Dex: 12    Spells: 3/3 levels left

rFire   . . .        a - +0 hand axe
rCold   . . .        (no shield)
rNeg    . . .        k - +0 scale mail
rPois   .            o - +0 helmet {Int+3}
rElec   .            m - scarf {shadows}
rCorr   .            (no gloves)
SInv    .            (no boots)
Will    .....        i - amulet of the acrobat Stlth
                     (no ring)
HPRegen 0.26/turn    (no ring)
MPRegen 0.09/turn

%: acrobat
@: no status effects
A: runic magic, artefact enchanting
a: no special abilities


You were on level 4 of the Dungeon.
You visited 1 branch of the dungeon, and saw 4 of its levels.

You collected 165 gold pieces.

Inventory:

Hand Weapons
 a - a +0 hand axe (weapon)
Missiles
 b - 35 stones (quivered)
 l - 5 poisoned darts
Armour
 d - an orb of light
 k - a +0 scale mail (worn)
 m - a scarf of shadows (worn)
 o - a +0 helmet of intelligence (worn)
Jewellery
 i - an amulet of the acrobat (around neck)
Wands
 e - a wand of flame (24)
Scrolls
 g - 3 scrolls of identify
 p - a scroll of teleportation
 q - a scroll of immolation
 r - a scroll of vulnerability {unknown}
Potions
 f - a potion of haste
 h - a potion of brilliance
 n - a potion of mutation {unknown}


   Skills:
 + Level 3.8 Fighting
 + Level 5.4 Axes
 + Level 1.6 Armour
 + Level 2.6 Dodging


You had 3 spell levels left.
You didn't know any spells.
Your spell library contained the following spells:

 Spells                   Type           Power      Damage    Failure   Level
 Frozen Ramparts          Ice            0%         1d1       77%         3
 Ozocubu's Armour         Ice            0%         N/A       77%         3
 Summon Ice Beast         Ice/Summ       0%         N/A       77%         3
 Metabolic Englaciation   Hex/Ice        0%         N/A       100%        5
 Summon Mana Viper        Hex/Summ       0%         N/A       100%        5
 Monstrous Menagerie      Summ           0%         N/A       100%        7


Dungeon Overview and Level Annotations

Branches:
Dungeon (4/15)
 Temple: D:4-7

Altars:
Elyvilon

Shops:
D:3 [

Annotations:
D:3 2 transporters


Innate Abilities, Weirdness & Mutations

Your spellcasting is much less encumbered by armour.
You can use scrolls of enchantment on lesser artefacts.


Message History

You hit the orc wizard.
The orc wizard is heavily wounded.
You hit something but do no damage. You hit the orc but do no damage.
You miss the quokka. You hit the orc.
You kill the orc!
The quokka bites you but does no damage.
The orc wizard barely misses you. Something hits you but does no damage.
The orc hits you with a +0 flail.
You barely miss the orc wizard.
The orc wizard is heavily wounded.
You closely miss something. You closely miss the orc.
You closely miss the quokka. The quokka barely misses you.
The orc wizard hits you with a +0 dagger.
Something hits you.
* * * LOW HITPOINT WARNING * * *
The orc hits you with a +0 flail.
* * * LOW HITPOINT WARNING * * *
The quokka bites you but does no damage.
You miss something. You closely miss the quokka.
You hit the orc wizard but do no damage.
You hit the orc but do no damage.
The quokka bites you but does no damage.
The orc barely misses you.
The orc wizard hits you but does no damage.
You hear some strange, mumbled words.
A puff of flame appears from out of thin air!
The puff of flame hits you.
* * * LOW HITPOINT WARNING * * *
You miss something. You closely miss the quokka. You hit the orc wizard.
You hit the orc but do no damage.
The quokka bites you but does no damage.
The orc wizard barely misses you. Something hits you.
* * * LOW HITPOINT WARNING * * *
The orc closely misses you.
You hit the orc but do no damage. You closely miss the orc wizard.
You closely miss something. You barely miss the quokka.
The quokka bites you but does no damage.
The orc wizard points at you and mumbles some strange words.
The puff of flame hits you!
You die...

#.# #.#
##.......###.#
#.........##.#
#.........##.#
#.?.......##.#
........#
#.#######
#r)o...#
#.....>.#
#@{.#.#
#######.#
##o##.## #.#
#.....# #.#
####..# #.# #..#
#.# ######..#
#.# ........#
#.# #######.#
#.#
#####.########.#


You could see an orc wizard, an orc and a quokka.

Vanquished Creatures
  An iguana (D:3)
  Robin (D:3)
  2 adders
  2 ribbon worms (D:2)
  A dart slug (D:2)
  6 orcs
  4 bats
  An endoplasm (D:3)
  A giant cockroach (D:2)
  10 goblins
  9 hobgoblins
  4 quokkas
  5 ball pythons
  A frilled lizard (D:1)
  7 kobolds
  2 rats
57 creatures vanquished.

Notes
Turn   | Place    | Note
-------+----------+-------------------------------------------
     0 | D:1      | MachoJfn the Mountain Dwarf Monk began the quest for the
                  | Orb.
     0 | D:1      | Reached XP level 1. HP: 19/19 MP: 1/1
   207 | D:1      | Reached XP level 2. HP: 26/26 MP: 2/2
   449 | D:1      | Reached skill level 4 in Axes
   940 | D:2      | Reached XP level 3. HP: 21/31 MP: 3/3
  1270 | D:2      | Reached skill level 1 in Armour
  1741 | D:3      | Noticed Robin
  1744 | D:3      | Reached XP level 4. HP: 40/40 MP: 4/4
  1756 | D:3      | Killed Robin
  1757 | D:3      | Reached skill level 5 in Axes
  2046 | D:3      | Found a transporter.
  2065 | D:3      | Found a transporter.
  2117 | D:3      | Identified the +9 hand axe of Ru's Hatred {antimagic,
                  | ^Contam Will+++ Int-2 SInv}
  2140 | D:3      | Found Fobuit Bumin's Antique Armour Emporium.
  2582 | D:3      | Found a white marble altar of Elyvilon.
  2833 | D:4      | Killed from afar by an orc wizard

Illustrated notes

Levels and vault maps discovered:
D:1:      orjb1_lava_funnel, layout_loops_ring
D:2:      layout_loops_ring
D:3:      gammafunk_wand_slinger, layout_basic, nicolae_elyvilon_temple_path,
          serial_shops, shop, kennysheep_path_1, minivault_25, uniq_robin
D:4:      layout_loops_ring, serial_shops, nicolae_shop_pleasant_corner_grove,
          kennysheep_mini_moat, minmay_crystal_room, minmay_fire_ice_demons,
          uniq_menkaure

Skill      XL: |  1  2  3  4 |
---------------+-------------+-----
Axes           | 4 5 |  5.4
Armour         | 1 |  1.6
Fighting       | |  3.8
Dodging        | |  2.6

Action                     |  1- 3 |  4- 6 || total
---------------------------+-------+-------++-------
  Melee: Hand axe          |   100 |    71 ||   171
    Use: Scroll            |     6 |       ||     6
         Potion            |       |     3 ||     3
 Armour: Robe              |     3 |       ||     3
         Scale mail        |    82 |    89 ||   171
  Dodge: Dodged            |    66 |    61 ||   127

Table legend: (Time is in decaauts)
 A = Elapsed time spent in this place.
 B = Non-inter-level travel time spent in this place.
 C = Inter-level travel time spent in this place.
 D = Time resting spent in this place.
 E = Time spent auto-exploring this place.
 F = Levels seen in this place.
 G = Mean time per level.
                   A        B        C        D        E       F      G
               +--------+--------+--------+--------+--------+-----+--------+
         Total |   2845 |   2639 |    206 |    202 |   1895 |   4 |  711.2 |
       Dungeon |   2845 |   2639 |    206 |    202 |   1895 |   4 |  711.2 |
               +--------+--------+--------+--------+--------+-----+--------+

Top non-repeatable levels by time:
     D:3: 1098 daAuts
     D:2: 830 daAuts
     D:1: 757 daAuts
     D:4: 157 daAuts
